 Dungeon Crawl Stone Soup version 0.19.5 (webtiles) character file.

91677 McKennaii the Eclecticist (level 15, 0/78 HPs)
             Began as a Deep Elf Fire Elementalist on May 8, 2017.
             Was an Elder of Vehumet.
             Slain by an eight-headed hydra (5 damage)
             ... on level 5 of the Lair of Beasts.
             The game lasted 02:40:08 (29215 turns).

McKennaii the Eclecticist (DEFE)                   Turns: 29215, Time: 02:40:08

Health: 0/78       AC: 12    Str: 13    XL:     15   Next: 55%
Magic:  4/39       EV: 16    Int: 30    God:    Vehumet [****..]
Gold:   1763       SH:  0    Dex: 15    Spells: 10 memorised, 18 levels left

rFire  . . .     SeeInvis +     p - +6 falchion "Buireub" {protect, MR- Str+8}
rCold  + . .     Gourm    .     Z - +2 leather armour {rC+}
rNeg   . . .     Faith    .     (no shield)
rPois  +         Spirit   .     U - +2 helmet {SInv}
rElec  .         Reflect  .     (no cloak)
rCorr  .         Harm     .     (no gloves)
MR     .....                    e - +3 pair of boots of Nugorhylauh {*Drain +Inv rPois Stlth+}
Stlth  ++++......               T - amulet of magic regeneration
                                I - ring of wizardry
                                l - +3 ring of intelligence

@: studying 2 skills
A: no striking features
a: Renounce Religion, Evoke Invisibility


You were on level 5 of the Lair of Beasts.
You worshipped Vehumet.
Vehumet was greatly pleased with you.
You were not hungry.

You visited 5 branches of the dungeon, and saw 25 of its levels.
You also visited: Labyrinth and Sewer.

You collected 2476 gold pieces.
You spent 713 gold pieces at shops.

Inventory:

Hand Weapons
 p - the +6 falchion "Buireub" (weapon) {protect, MR- Str+8}
   (You found it on level 11 of the Dungeon)

   It protects the one who uses it against injury (+AC on strike).
   It affects your strength (+8).
   It affects your resistance to hostile enchantments.
Armour
 e - the +3 pair of boots of Nugorhylauh (worn) {*Drain +Inv rPois Stlth+}
   (You bought it in a shop on level 2 of the Orcish Mines)

   It protects you from poison.
   It lets you turn invisible.
   It causes draining when unequipped.
   It makes you more stealthy.
 U - a +2 helmet of see invisible (worn)
 Z - a +2 leather armour of cold resistance (worn)
Rods
 G - a +1 rod of shadows (14/14)
   (You found it on level 6 of the Dungeon)
 H - a +1 lightning rod (13/13)
   (You took it off a minotaur in a labyrinth)
Jewellery
 l - a +3 ring of intelligence (left hand)
 D - an uncursed ring of poison resistance
 I - a ring of wizardry (right hand)
 L - an uncursed ring of ice
 Q - an uncursed ring of protection from magic
 T - an amulet of magic regeneration (around neck)
Wands
 r - a wand of lightning (11/15)
Scrolls
 a - 2 scrolls of fog
 b - 4 scrolls of enchant armour
 d - 3 scrolls of enchant weapon
 g - 4 scrolls of amnesia
 h - 6 scrolls of recharging
 i - 11 scrolls of remove curse
 u - 7 scrolls of magic mapping
 y - 2 scrolls of fear
 S - 2 scrolls of teleportation
 V - 7 scrolls of identify
Potions
 f - 6 potions of curing
 o - 5 potions of brilliance
 q - 4 potions of cure mutation
 s - a potion of invisibility {unknown}
 t - 3 potions of cancellation
 v - a potion of beneficial mutation {unknown}
 w - 2 potions of lignification
 x - 2 potions of resistance
 A - 2 potions of magic
 C - 10 potions of flight
 F - a potion of agility
 K - 2 potions of ambrosia
 M - a potion of might
 N - a potion of haste
 R - a potion of berserk rage
Books
 n - a book of Minor Magic

   Spells                             Type                      Level
   a - Magic Dart                     Conjuration                  1
   b - Blink                          Translocation                2
   c - Call Imp                       Summoning                    2
   d - Repel Missiles                 Charms/Air                   2
   e - Slow                           Hexes                        2
   f - Conjure Flame                  Conjuration/Fire             3
   g - Mephitic Cloud                 Conjuration/Poison/Air       3
 z - a book of Misfortune

   Spells                             Type                      Level
   a - Confusing Touch                Hexes                        1
   b - Confuse                        Hexes                        3
   c - Gell's Gravitas                Hexes/Translocation          3
   d - Petrify                        Transmutation/Earth          4
   e - Metabolic Englaciation         Hexes/Ice                    5
   f - Yara's Violent Unravelling     Hexes/Transmutation          5
 E - a book of Battle

   Spells                             Type                      Level
   a - Infusion                       Charms                       1
   b - Shroud of Golubria             Charms/Translocation         2
   c - Song of Slaying                Charms                       2
   d - Spectral Weapon                Hexes/Charms                 3
   e - Regeneration                   Charms/Necromancy            3
 O - a book of Party Tricks

   Spells                             Type                      Level
   a - Summon Butterflies             Summoning                    1
   b - Apportation                    Translocation                1
   c - Lesser Beckoning               Translocation                3
   d - Tukima's Dance                 Hexes                        3
   e - Alistair's Intoxication        Transmutation/Poison         5
   f - Invisibility                   Hexes                        6
 P - a manual of Air Magic
 W - the Incunabulum of Companions
   (You found it on level 15 of the Dungeon)

   Spells                             Type                      Level
   a - Summon Butterflies             Summoning                    1
   b - Summon Small Mammal            Summoning                    1
   c - Summon Mana Viper              Hexes/Summoning              5
   d - Shadow Creatures               Summoning                    6
   e - Malign Gateway                 Summoning/Translocation      7
 X - a manual of Staves
Comestibles
 c - 8 bread rations
 j - 2 beef jerkies
 k - 2 meat rations
 m - 5 slices of pizza
 B - 13 royal jellies
 J - 2 chunks of flesh
 Y - 6 fruits


   Skills:
 + Level 3.5 Fighting
 + Level 2.9 Long Blades
 + Level 2.4 Staves
 + Level 4.0 Armour
 + Level 7.6 Dodging
 + Level 5.0 Stealth
 + Level 0.1 Unarmed Combat
 + Level 18.0 Spellcasting
 + Level 14.2 Conjurations
 * Level 7.0 Hexes
 * Level 7.5 Charms
 * Level 5.9 Translocations
 * Level 15.2 Fire Magic
 * Level 3.8 Poison Magic


You had 18 spell levels left.
You knew the following spells:

 Your Spells              Type           Power        Failure   Level  Hunger
a - Flame Tongue          Conj/Fire      #####        0%          1    None
b - Throw Flame           Conj/Fire      ######       0%          2    None
c - Conjure Flame         Conj/Fire      #######.     0%          3    None
d - Sting                 Conj/Pois      ####         1%          1    None
e - Dazzling Spray        Conj/Hex       ######       1%          3    None
f - Fireball              Conj/Fire      #######...   1%          5    None
g - Ring of Flames        Chrm/Fire      #######...   7%          7    ####...
h - Gell's Gravitas       Hex/Tloc       ######....   1%          3    None
i - Venom Bolt            Conj/Pois      ######....   1%          5    None
j - Delayed Fireball      Conj/Fire      N/A          1%          7    ####...


Dungeon Overview and Level Annotations

Branches:
Dungeon (15/15)            Temple (1/1) D:6            Lair (6/6) D:9
 Shoals (0/4) Lair:2        Snake (0/4) Lair:4        Slime (0/5) Lair:5
    Orc (2/2) D:9             Elf (1/3) Orc:2        Vaults (0/5) D:13
 Depths (0/5) D:15

Altars:
Ashenzari
Cheibriados
Dithmenos
Elyvilon
Fedhas
Gozag
Hepliaklqana
Kikubaaqudgha
Makhleb
Nemelex Xobeh
Okawaru
Qazlal
Ru
Sif Muna
Trog
Uskayaw
Vehumet
Xom
Yredelemnul
Zin
The Shining One

Shops:
D:5 !   D:10 *   D:11 }   D:13 ?   Orc:2 =(*[%

Annotations:
D:3 Gabide's ghost, weakling DgGl


Message History

The fireball engulfs the eight-headed hydra.
The eight-headed hydra is heavily wounded.
The fireball engulfs the fungus.
The fungus is heavily damaged.
Casting: Fireball
Confirm with . or Enter, or press ? or * to list all spells.
You don't have enough magic to cast that spell.
Okay, then.
As you read the scroll of fear, it crumbles to dust.
You assume a fearsome visage.
The eight-headed hydra looks frightened!
The eight-headed hydra bites the fungus!
The eight-headed hydra bites the fungus!!
The fungus is destroyed!
The eight-headed hydra closely misses you. x3
The eight-headed hydra bites you!
* * * LOW HITPOINT WARNING * * *
The eight-headed hydra closely misses you.
The eight-headed hydra bites you.
You die...

#............................
#...#.#..P.................(.
##....#....#......PP.P.##.....
#.#.......#.......#####.##....
##...#.....#......##.....+....
#.>..##..##.......#..........
##...#...##.....(P#.....##...
#....##..#D......#.....##...
##..P###.#..@.......#####....
#.....P.#.##........P.#P.#...
#............................
##...........................
#...........................
#...........................
#.............).............
#...P#####.#................
###...##.####.................


You could see an eight-headed hydra (fleeing).

Vanquished Creatures
  Gastronok (Lair:1)
  An orc warlord (Orc:2)
  Snorg (D:11)
  A minotaur (Lab)
  The ghost of Salmoras the Covert, a journeyman DsWn of Xom (Lair:3)
  Fannar (Orc:1)
  2 rakshasas (D:15)
  Harold (D:11)
  6 hydras
  8 vault guards
  The ghost of Slast the Thaumaturge, a journeyman DgCj (D:11)
  Erica (D:12)
  2 centaur warriors (D:14)
  2 death knights (D:14)
  4 orc high priests (Orc:2)
  The ghost of ShornTheSheep the Spear-Bearer, a novice GrBe of Trog (D:9)
  Nergalle (Lair:1)
  6 slime creatures
  The ghost of forSC1ENCE the Transmogrifier, a novice NaTm of Vehumet (D:8)
  An unseen horror (D:13)
  A hill giant (D:14)
  5 orc knights
  2 necromancers (D:10)
  A deep elf archer (D:14)
  6 orc sorcerers
  10 ugly things
  A wolf spider (D:14)
  4 cyclopes
  5 deep elf magi
  A wolf spider zombie (D:15)
  A manticore (D:11)
  3 elephants (Lair:4)
  An oklob plant (Lair:1)
  2 sirens (Lair:2)
  3 black mambas
  A kobold demonologist (D:10)
  12 spiny frogs
  2 spiny frogs (shapeshifter)
  4 komodo dragons
  A rime drake (Lair:4)
  An efreet (D:15)
  A queen bee (Lair:3)
  A polar bear (Lair:6)
  8 trolls
  20 blink frogs
  A troll (shapeshifter) (D:14)
  A two-headed ogre (D:14)
  5 hippogriffs
  10 dream sheep
  4 flying skulls
  8 shadows
  8 wyverns
  4 wraiths
  35 yaks
  3 hungry ghosts
  A steam dragon (D:9)
  6 basilisks
  3 wargs
  2 nagas (Lair:4)
  2 soldier ants
  3 mottled dragons (D:14)
  7 water moccasins
  10 porcupines
  6 black bears
  16 ice beasts
  9 sky beasts
  35 orc warriors
  Purgy (Sewer)
  2 necrophages
  4 boggarts (D:15)
  15 ogres
  2 phantoms
  7 crocodiles
  11 centaurs
  3 big kobolds
  25 bullfrogs
  A gnoll sergeant (D:9)
  3 wyvern zombies
  A water moccasin zombie (D:6)
  A wyvern skeleton (D:10)
  3 scorpions
  26 killer bees
  5 howler monkeys
  6 jellies
  3 wights
  4 electric eels
  7 bullfrog zombies
  6 crimson imps
  A quasit (D:12)
  3 centaur zombies
  26 orc priests
  6 hounds
  5 centaur skeletons
  A jelly (shapeshifter) (D:15)
  4 bullfrog skeletons
  Ijyb (D:3)
  6 iguanas
  44 orc wizards
  10 worker ants
  10 hell rats (Lair:4)
  3 hound zombies
  3 hound skeletons
  5 worker ant zombies
  A howler monkey zombie (D:7)
  6 gnolls
  A howler monkey skeleton (D:10)
  16 adders
  17 river rats (Lair:4)
  5 shadow imps
  2 oozes
  An adder zombie (D:5)
  A dart slug (D:5)
  4 leopard geckos
  102 orcs
  A ball python (Sewer)
  7 bats
  7 giant cockroaches
  4 goblins
  5 hobgoblins
  17 kobolds
  8 quokkas
  9 frilled lizards
  A leopard gecko skeleton (D:6)
  A quokka skeleton (D:10)
  2 quokka zombies
  25 rats
  3 fungi
  3 plants
832 creatures vanquished.

Vanquished Creatures (others)
  A human (D:5)
  5 fungi
  2 plants (Lair:6)
8 creatures vanquished.

Grand Total: 840 creatures vanquished

Notes
Turn   | Place    | Note
-------+----------+-------------------------------------------
     0 | D:1      | McKennaii the Deep Elf Fire Elementalist began the quest for the Orb.
     0 | D:1      | Reached XP level 1. HP: 10/10 MP: 6/6
   268 | D:1      | Reached XP level 2. HP: 15/15 MP: 4/8
   863 | D:2      | Reached XP level 3. HP: 19/19 MP: 5/9
  1105 | D:2      | Found a shimmering altar of Xom.
  1112 | D:2      | Found a shimmering altar of Xom.
  1206 | D:2      | You fall through a shaft!
  1229 | D:3      | Found an ancient bone altar of Kikubaaqudgha.
  1298 | D:3      | Noticed Gabide's ghost (weakling DgGl)
  1313 | D:2      | Learned a level 2 spell: Throw Flame
  1317 | D:2      | Learned a level 3 spell: Conjure Flame
  1966 | D:3      | Found a burning altar of Makhleb.
  1988 | D:3      | Reached XP level 4. HP: 10/24 MP: 4/11
  2183 | D:3      | Found a faded altar of an unknown god.
  2189 | D:3      | Reached skill level 4 in Spellcasting
  2558 | D:3      | Noticed Ijyb
  2570 | D:3      | Killed Ijyb
  2570 | D:3      | Reached XP level 5. HP: 21/28 MP: 2/13
  2579 | D:3      | Learned a level 5 spell: Fireball
  2628 | D:3      | Reached skill level 5 in Fire Magic
  2842 | D:4      | Noticed an ogre
  2871 | D:4      | Killed an ogre
  2871 | D:4      | Reached skill level 5 in Spellcasting
  2871 | D:4      | Reached XP level 6. HP: 32/32 MP: 1/15
  3754 | D:5      | Entered Level 5 of the Dungeon
  3825 | D:5      | Reached skill level 6 in Spellcasting
  3848 | D:5      | Found an iron altar of Okawaru.
  3944 | D:5      | Found a hide-covered altar of Uskayaw.
  4037 | D:5      | Found an ancient bone altar of Kikubaaqudgha.
  4055 | D:5      | Noticed a human
  4057 | D:5      | Killed a human
  4105 | D:5      | Reached XP level 7. HP: 25/36 MP: 14/18
  4138 | D:5      | Found a glowing drain.
  4151 | Sewer    | Entered a sewer
  4175 | Sewer    | Noticed Purgy
  4180 | Sewer    | Killed Purgy
  4180 | Sewer    | Reached skill level 1 in Armour
  4514 | D:5      | Found Ziannack's Distillery.
  4517 | D:5      | Bought a potion of heal wounds for 75 gold pieces
  4517 | D:5      | Bought a potion of degeneration for 15 gold pieces
  4599 | D:6      | Reached skill level 7 in Spellcasting
  4771 | D:6      | Reached XP level 8. HP: 42/42 MP: 6/21
  4857 | D:6      | Found a staircase to the Ecumenical Temple.
  4880 | Temple   | Entered the Ecumenical Temple
  4918 | Temple   | Became a worshipper of Vehumet
  5131 | D:6      | Reached skill level 5 in Conjurations
  5131 | D:6      | Reached skill level 8 in Spellcasting
  5374 | D:6      | Found a blossoming altar of Fedhas.
  6043 | D:7      | Reached * piety under Vehumet
  6043 | D:7      | Offered knowledge of Sting by Vehumet.
  6064 | D:7      | Noticed a hippogriff
  6073 | D:7      | Killed a hippogriff
  6073 | D:7      | Reached XP level 9. HP: 41/46 MP: 2/23
  6204 | D:7      | Reached skill level 9 in Spellcasting
  6219 | D:7      | Learned a level 1 spell: Sting
  6576 | D:8      | Noticed forSC1ENCE's ghost (novice NaTm)
  6669 | D:8      | Killed forSC1ENCE's ghost
  6669 | D:8      | Reached skill level 1 in Poison Magic
  6707 | D:8      | Reached skill level 10 in Spellcasting
  6854 | D:8      | Found a stormy altar of Qazlal.
  7105 | D:8      | Reached ** piety under Vehumet
  7105 | D:8      | Offered knowledge of Shock by Vehumet.
  7213 | D:8      | Found a shattered altar of Ashenzari.
  7223 | D:8      | Reached skill level 1 in Fighting
  7313 | D:8      | Found a faded altar of an unknown god.
  7313 | D:8      | Found a basalt altar of Yredelemnul.
  7318 | D:8      | Found a faded altar of an unknown god.
  7320 | D:8      | Found a faded altar of an unknown god.
  7321 | D:8      | Found a faded altar of an unknown god.
  7517 | D:9      | Reached skill level 1 in Staves
  7772 | D:9      | Noticed a troll
  7779 | D:9      | Killed a troll
  7846 | D:9      | Found a staircase to the Orcish Mines.
  7892 | D:9      | Reached XP level 10. HP: 52/52 MP: 20/26
  8121 | D:9      | Noticed ShornTheSheep's ghost (novice GrBe)
  8345 | D:9      | Offered knowledge of Dazzling Spray by Vehumet.
  8350 | D:9      | Learned a level 3 spell: Dazzling Spray
  8577 | D:9      | Killed ShornTheSheep's ghost
  8577 | D:9      | Reached skill level 11 in Spellcasting
  8725 | D:9      | Found a deep blue altar of Sif Muna.
  8848 | D:9      | Noticed a green ugly thing
  8854 | D:9      | Reached *** piety under Vehumet
  8857 | D:9      | Killed a green ugly thing
  9100 | D:9      | Found a staircase to the Lair.
  9207 | D:9      | Learned a level 7 spell: Ring of Flames
  9257 | D:10     | Entered Level 10 of the Dungeon
  9311 | D:9      | Reached skill level 12 in Spellcasting
  9539 | D:10     | Reached skill level 5 in Dodging
  9687 | D:9      | Offered knowledge of Airstrike by Vehumet.
  9923 | D:10     | Reached XP level 11. HP: 57/57 MP: 14/29
  9969 | D:10     | Noticed a necromancer
 10070 | D:10     | Killed a necromancer
 10085 | D:10     | Noticed a necromancer
 10231 | D:10     | Killed a necromancer
 10342 | D:9      | Reached **** piety under Vehumet
 10803 | D:10     | Reached skill level 13 in Spellcasting
 10827 | D:10     | Reached skill level 10 in Fire Magic
 10869 | D:10     | Found Ucwaus's Assorted Antiques.
 10907 | D:10     | Reached skill level 10 in Conjurations
 11347 | D:11     | Noticed Snorg
 11359 | D:11     | Killed Snorg
 11579 | D:11     | Got a crystal battleaxe
 11580 | D:11     | Identified the cursed +3 battleaxe "Orb Guardian's Curse" {drain, rN++} (You found it on level 11 of the Dungeon)
 11611 | D:11     | Noticed Slast's ghost (journeyman DgCj)
 11867 | D:11     | Got a steaming falchion
 11868 | D:11     | Identified the +6 falchion "Buireub" {protect, MR- Str+8} (You found it on level 11 of the Dungeon)
 11992 | D:11     | Offered knowledge of Irradiate by Vehumet.
 12084 | D:11     | Found a sacrificial altar of Ru.
 12088 | D:11     | Noticed Harold
 12094 | D:11     | Killed Harold
 12342 | D:11     | Reached skill level 14 in Spellcasting
 12437 | D:11     | Found Alyatz's Gadget Boutique.
 12560 | D:11     | Killed Slast's ghost
 12560 | D:11     | Reached XP level 12. HP: 45/62 MP: 12/32
 13061 | D:12     | Noticed a five-headed hydra
 13064 | D:12     | Killed a five-headed hydra
 13564 | D:12     | Noticed Erica
 13568 | D:12     | Killed Erica
 13612 | D:12     | Reached ***** piety under Vehumet
 13701 | D:12     | Offered knowledge of Venom Bolt by Vehumet.
 14240 | D:13     | Noticed a vault guard
 14240 | D:13     | Noticed a vault guard
 14265 | D:13     | Noticed a vault guard
 14267 | D:13     | Killed a vault guard
 14267 | D:13     | Reached skill level 15 in Spellcasting
 14268 | D:13     | Noticed a vault guard
 14268 | D:13     | Killed a vault guard
 14268 | D:13     | Reached skill level 5 in Stealth
 14269 | D:13     | Killed a vault guard
 14270 | D:13     | Noticed a vault guard
 14270 | D:13     | Noticed a vault guard
 14271 | D:13     | Noticed a vault guard
 14272 | D:13     | Killed a vault guard
 14274 | D:13     | Noticed a vault guard
 14395 | D:13     | Found Motsead's Magic Scroll Boutique.
 14399 | D:13     | Bought a scroll of teleportation for 39 gold pieces
 14399 | D:13     | Bought a scroll of random uselessness for 13 gold pieces
 14406 | D:13     | Learned a level 3 spell: Gell's Gravitas
 14412 | D:13     | Learned a level 5 spell: Venom Bolt
 14540 | D:13     | Killed a vault guard
 14719 | D:13     | Killed a vault guard
 14802 | D:13     | Killed a vault guard
 14802 | D:13     | Reached skill level 1 in Long Blades
 15025 | D:13     | Found a gate to the Vaults.
 15059 | D:13     | Reached XP level 13. HP: 68/68 MP: 25/34
 16066 | D:14     | Reached skill level 16 in Spellcasting
 17972 | D:15     | Entered Level 15 of the Dungeon
 18081 | D:15     | Reached skill level 1 in Charms
 18083 | D:15     | Identified the Incunabulum of Companions
 18087 | D:15     | Reached skill level 1 in Hexes
 18295 | D:15     | Offered knowledge of Bolt of Draining by Vehumet.
 18423 | D:15     | Reached skill level 1 in Translocations
 18463 | D:14     | HP: 2/68 [something (33)]
 18738 | D:15     | Reached XP level 14. HP: 74/74 MP: 19/36
 19110 | D:15     | Found a staircase to the Depths.
 19588 | Orc:1    | Entered Level 1 of the Orcish Mines
 19607 | Orc:1    | Reached skill level 17 in Spellcasting
 19863 | Orc:2    | Entered Level 2 of the Orcish Mines
 20166 | Orc:2    | Found a labyrinth entrance.
 20176 | Lab      | Entered a labyrinth
 22087 | Lab      | Identified a +1 rod of shadows (14/14) (You found it on level 6 of the Dungeon)
 22148 | Orc:2    | Found a staircase to the Elven Halls.
 22151 | Orc:2    | Found Nonna's Food Emporium.
 22288 | Orc:2    | Noticed an orc warlord
 22367 | Orc:1    | Noticed Fannar
 22461 | Orc:1    | Killed Fannar
 22768 | Orc:2    | Offered knowledge of Lightning Bolt by Vehumet.
 23273 | Orc:2    | Found Caontuv's General Store.
 23273 | Orc:2    | Found Piowug's Jewellery Shop.
 23278 | Orc:2    | Found Oxyn Ijycre's Antique Armour Boutique.
 23278 | Orc:2    | Found Lank's Antique Weapon Boutique.
 23299 | Orc:2    | Bought the +3 pair of boots of Nugorhylauh {*Drain +Inv rPois Stlth+} for 383 gold pieces
 23311 | Orc:2    | Bought a +3 ring of intelligence for 188 gold pieces
 23395 | Orc:2    | Killed an orc warlord
 23395 | Orc:2    | Reached skill level 5 in Charms
 23547 | Elf:1    | Entered Level 1 of the Elven Halls
 23983 | Lair:1   | Entered Level 1 of the Lair of Beasts
 24057 | Lair:1   | Noticed Nergalle
 24213 | Lair:1   | Noticed Gastronok
 24221 | Lair:1   | Killed Gastronok
 24221 | Lair:1   | Reached skill level 5 in Hexes
 24307 | Lair:1   | Killed Nergalle
 24425 | Lair:1   | Found a hazy altar of Hepliaklqana.
 25087 | Lair:2   | Reached ****** piety under Vehumet
 25120 | Lair:2   | You fall through a shaft for 2 floors!
 25347 | Lair:2   | Found a staircase to the Shoals.
 25895 | Lair:3   | Offered knowledge of Delayed Fireball by Vehumet.
 25895 | Lair:3   | Reached XP level 15. HP: 78/78 MP: 19/38
 26121 | Lair:3   | Reached skill level 5 in Translocations
 26331 | Lair:3   | Noticed Salmoras's ghost (journeyman DsWn)
 26334 | Lair:3   | Killed Salmoras's ghost
 26473 | Lair:3   | Found a shattered altar of Ashenzari.
 27155 | Lair:4   | Learned a level 7 spell: Delayed Fireball
 27227 | Lair:4   | Found a deep blue altar of Sif Muna.
 27362 | Lair:4   | Found a staircase to the Snake Pit.
 27706 | Lair:4   | Offered knowledge of Bolt of Cold by Vehumet.
 28150 | Lair:4   | Reached skill level 15 in Fire Magic
 28995 | Lair:5   | Found a staircase to the Slime Pits.
 29147 | Lair:6   | Entered Level 6 of the Lair of Beasts
 29199 | Lair:6   | Reached skill level 18 in Spellcasting
 29215 | Lair:5   | Slain by an eight-headed hydra

Skill      XL: |  1  2  3  4  5  6  7  8  9 10 11 12 13 14 15 |
---------------+----------------------------------------------+-----
Fire Magic     | 4 5 6 7 8 9 11 12 13 14 15 | 15.2
Stealth        | 3 4 5 |  5.0
Spellcasting   | 4 5 6 7 8 10 12 14 15 16 17 18 | 18.0
Conjurations   | 2 3 4 6 7 9 11 12 13 14 | 14.2
Dodging        | 3 4 5 6 7 |  7.6
Armour         | 1 2 3 4 |  4.0
Poison Magic   | 2 3 |  3.8
Fighting       | 1 2 3 |  3.5
Staves         | 1 2 |  2.4
Long Blades    | 1 2 |  2.9
Charms         | 2 6 7 |  7.5
Hexes          | 1 5 7 |  7.0
Translocations | 1 4 5 |  5.9
Unarmed Combat | |  0.1

Action                   |  1- 3 |  4- 6 |  7- 9 | 10-12 | 13-15 || total
-------------------------+-------+-------+-------+-------+-------++-------
Melee: Unarmed           |       |       |     3 |       |       ||     3
       Staff             |       |       |    63 |    48 |       ||   111
       Falchion          |       |       |       |    11 |   140 ||   151
 Cast: Flame Tongue      |    67 |   101 |   255 |   436 |   253 ||  1112
       Throw Flame       |     3 |    14 |    48 |    29 |     6 ||   100
       Conjure Flame     |     1 |    10 |    13 |    20 |     4 ||    48
       Sting             |       |       |    56 |    65 |       ||   121
       Fireball          |       |       |       |   134 |   545 ||   679
       Dazzling Spray    |       |       |       |     5 |     2 ||     7
       Gell's Gravitas   |       |       |       |     1 |     1 ||     2
       Venom Bolt        |       |       |       |       |    18 ||    18
       Ring of Flames    |       |       |       |       |     1 ||     1
       Delayed Fireball  |       |       |       |       |     2 ||     2
 Abil: Release Delayed F |       |       |       |       |     2 ||     2
  Use: Scroll            |       |       |     6 |    22 |    17 ||    45
       Potion            |       |       |       |       |    10 ||    10
  Eat: Meat ration       |     1 |       |       |     2 |     3 ||     6
       Chunk             |       |     5 |    12 |    19 |    23 ||    59
       Fruit             |       |       |       |     1 |     4 ||     5
       Royal jelly       |       |       |       |       |     1 ||     1
       Pizza             |       |       |       |       |     1 ||     1
Armor: Robe              |     2 |     2 |       |       |       ||     4
       Troll leather arm |       |     5 |    48 |   121 |    58 ||   232
       Leather armour    |       |       |       |       |    57 ||    57
Dodge: Dodged            |    17 |    27 |   111 |   283 |   334 ||   772
       Rpst.: Falchion   |       |       |       |    16 |    92 ||   108
